 Dungeon Crawl Stone Soup version 0.29-a0-341-g24ffce5b50 (webtiles) character file.

Game seed: 16204201716173061142

2870 HendSelp the Basher (level 10, -3/114 HPs)
             Began as a Formicid Fighter on Apr 20, 2022.
             Was an Initiate of Gozag.
             Slain by Maggie
             ... wielding a +5 glaive of flaming
              (11 damage)
             ... on level 6 of the Dungeon.
             The game lasted 00:08:28 (6609 turns).

HendSelp the Basher (Formicid Fighter)              Turns: 6609, Time: 00:08:29

Health: -3/114     AC: 25    Str: 25    XL:     10   Next: 4%
Magic:  10/10      EV:  2    Int:  8    God:    Gozag
Gold:   452        SH:  7    Dex: 10    Spells: 9/9 levels left

rFire   . . .      SeeInvis .   a - +0 flail (drain)
rCold   . . .      Faith    .   c - +2 buckler
rNeg    . . .      Spirit   .   (body armour currently unavailable)
rPois   +          Reflect  .   (helmet unavailable)
rElec   .          Harm     .   (cloak currently unavailable)
rCorr   .          Rampage  .   (gloves currently unavailable)
Will    +....                   (boots currently unavailable)
Stlth   +.........              n - amulet of regeneration
HPRegen 1.09/turn               (no ring)
MPRegen 0.12/turn               (no ring)

@: mighty, tree-form
A: stationary, stasis, torment immunity, boosted hp, permanent stasis, dig
shafts and tunnels, (antennae 3), four strong arms
a: Renounce Religion, Potion Petition, Call Merchant, Bribe Branch


You were on level 6 of the Dungeon.
You worshipped Gozag.
Gozag was aware of your devotion.
You were a tree.
You visited 2 branches of the dungeon, and saw 7 of its levels.
You also visited: Sewer and Ossuary.

You collected 553 gold pieces.
You paid 101 gold pieces to Gozag.

Inventory:

Hand Weapons
 a - a +0 flail of draining (weapon)
Armour
 c - a +2 buckler (worn)
 d - a +0 cloak (melded)
 l - a +0 pair of boots (melded)
 q - a +0 plate armour (melded)
Jewellery
 n - an amulet of regeneration (around neck)
Wands
 e - a wand of flame (29)
 i - a wand of polymorph (7)
 r - a wand of mindburst (21)
Scrolls
 b - 2 scrolls of fog
 o - a scroll of enchant armour
 p - a scroll of magic mapping
 s - 3 scrolls of immolation
Potions
 g - 2 potions of might
 j - a potion of lignification
 k - a potion of invisibility
 m - 2 potions of magic
 t - a potion of cancellation
 u - a potion of flight {unknown}
 v - a potion of brilliance {unknown}


   Skills:
 * Level 5.8 Fighting
 * Level 12.4 Maces & Flails
 * Level 6.7 Armour
 * Level 6.2 Shields


You had 9 spell levels left.
You didn't know any spells.
Your spell library contained the following spells:

 Spells                   Type           Power      Damage    Failure   Level
 Shock                    Conj/Air       0%         1d3       45%         1
 Summon Small Mammal      Summ           0%         N/A       45%         1
 Corpse Rot               Necr/Air       0%         N/A       61%         2
 Poisonous Vapours        Pois/Air       0%         N/A       61%         2
 Call Canine Familiar     Summ           0%         N/A       83%         3
 Conjure Flame            Conj/Fire      0%         6-21      83%         3
 Ignite Poison            Fire/Tmut/Pois 0%         N/A       83%         3
 Summon Guardian Golem    Hex/Summ       0%         N/A       83%         3
 Airstrike                Air            0%         N/A       99%         4
 Sticky Flame             Conj/Fire      0%         2d3       99%         4
 Swiftness                Air            Unusable   N/A       N/A         3

Dungeon Overview and Level Annotations

Branches:
Dungeon (6/15)             Temple (1/1) D:5           Sewer (visited)
Ossuary (visited)

Altars:
Dithmenos
Fedhas
Gozag
Hepliaklqana
Kikubaaqudgha
Makhleb
Okawaru
Qazlal
Sif Muna
Trog
Vehumet
Zin
The Shining One

Annotations:
D:4 3 runed translucent doors, osinmv's ghost, amateur DDFi
D:6 Maggie


Innate Abilities, Weirdness & Mutations

You are a tree.
Your roots penetrate the ground, keeping you stationary.
You cannot be teleported.
You are immune to unholy pain and torment.
Your maximum health is greatly increased.
Your equipment is partially melded.
You cannot be hasted, slowed, berserked, paralysed or teleported.
You can dig through walls and to a lower floor.
((You have a pair of large antennae on your head. (SInv)))
Your four strong arms can wield two-handed weapons with a shield.


Message History

You hit Maggie. You drain Maggie.
Maggie is heavily wounded.
Maggie hits you but does no damage.
You sock Maggie!
Maggie is severely wounded.
Maggie hits you with a +5 glaive of flaming.
* * * LOW HITPOINT WARNING * * *
Maggie burns you.
* * * LOW HITPOINT WARNING * * *
You hit Maggie.
Maggie is severely wounded.
You break out of your daze.
You completely miss Maggie.
Maggie is severely wounded.
Maggie hits you with a +5 glaive of flaming.
* * * LOW HITPOINT WARNING * * *
Maggie burns you.
* * * LOW HITPOINT WARNING * * *
You completely miss Maggie.
Maggie is severely wounded.
Maggie hits you with a +5 glaive of flaming!
* * * LOW HITPOINT WARNING * * *
Maggie burns you.
* * * LOW HITPOINT WARNING * * *
Unknown command.
Aiming: Paralyse
Press: ? - help, Shift-Dir - straight line, f/p - Maggie
Aim: Maggie, wielding a +5 glaive of flaming and wearing +0 steam dragon scales (severely wounded, lightly drained, chance to affect: 51%) Maggie resists with significant effort.
The now-empty wand crumbles to dust.
Maggie completely misses you.
Unknown command.
Unknown command.
Unknown command.
Unknown command.
Unknown command.
You hit Maggie.
Maggie is severely wounded.
Maggie hits you with a +5 glaive of flaming!
You die...
Your body crumbles into a pile of gold.

##)..####....#.......#
#..## ##..)#.⌠...⌠.#
#.## ##..#.......# #.#
##.####'#### #.#
#####+##..# #. [.#
#....## #.# #.####
#.######.###.##
#..@♣.##.##...##
#.###$##.#.....##
#[..........#
.######.###.##.#
........# ### ...
######### ###


You could see Maggie (drained).

Vanquished Creatures
  Grinder (D:5)
  2 wraiths (Ossuary)
  Duvessa (D:6)
  Pargi (Sewer)
  An ice beast (D:4)
  An ogre (D:5)
  A centaur (D:6)
  Blork the orc (D:6)
  An elf zombie (D:5)
  4 phantoms
  A necrophage (D:4)
  3 elf skeletons (D:5)
  2 bullfrogs (D:6)
  7 wights
  Dowan (D:6)
  5 hounds
  A jelly (D:6)
  Crazy Yiuf (D:2)
  A gnoll shaman (D:6)
  An orc priest (D:5)
  A human skeleton (D:5)
  An iguana (D:5)
  Robin (D:2)
  12 gnolls
  4 adders
  A river rat (D:4)
  A shadow imp (D:6)
  An adder zombie (Ossuary)
  2 worms
  10 dart slugs
  13 orcs
  5 ball pythons
  9 bats
  8 endoplasms
  3 giant cockroaches
  22 goblins
  7 hobgoblins
  6 jackals
  6 quokkas
  2 ball python skeletons (Ossuary)
  2 frilled lizards
  3 hobgoblin zombies (Ossuary)
  8 kobolds
  2 kobold zombies (Ossuary)
  An orc skeleton (D:5)
  2 orc zombies (Ossuary)
  9 rats
179 creatures vanquished.

Vanquished Creatures (others)
  A fungus (D:1)
  3 withered plants (D:1)
4 creatures vanquished.

Grand Total: 183 creatures vanquished

Notes
Turn   | Place    | Note
-------+----------+-------------------------------------------
     0 | D:1      | HendSelp the Formicid Fighter began the quest for the Orb.
     0 | D:1      | Reached XP level 1. HP: 18/18 MP: 1/1
   172 | D:1      | Reached XP level 2. HP: 24/24 MP: 2/2
   174 | D:1      | Found a faded altar of an unknown god.
   432 | D:1      | Reached XP level 3. HP: 29/29 MP: 3/3
   673 | D:1      | Reached skill level 10 in Maces & Flails
   673 | D:1      | Reached XP level 4. HP: 37/37 MP: 4/4
   971 | D:2      | Reached XP level 5. HP: 36/42 MP: 5/5
  1104 | D:2      | Found a stormy altar of Qazlal.
  1577 | D:2      | Noticed Robin
  1595 | D:2      | Killed Robin
  1880 | D:2      | Found a runed translucent door.
  1881 | D:2      | Noticed Crazy Yiuf
  1950 | D:2      | Killed Crazy Yiuf
  1951 | D:2      | Reached XP level 6. HP: 25/48 MP: 6/6
  2210 | D:3      | Reached skill level 11 in Maces & Flails
  2594 | D:3      | Found a shadowy altar of Dithmenos.
  2747 | D:3      | Found an ancient bone altar of Kikubaaqudgha.
  3012 | D:4      | Found a glowing drain.
  3042 | Sewer    | Entered a sewer
  3116 | Sewer    | Noticed Pargi
  3137 | Sewer    | Killed Pargi
  3138 | Sewer    | Reached XP level 7. HP: 51/54 MP: 7/7
  3215 | D:4      | Found a runed translucent gate.
  3216 | D:4      | Found a runed translucent gate.
  3216 | D:4      | Noticed osinmv's ghost (amateur DDFi)
  3217 | D:4      | Found a runed translucent gate.
  4263 | D:5      | Entered Level 5 of the Dungeon
  4264 | D:5      | Noticed Grinder
  4318 | D:5      | Killed Grinder
  4319 | D:5      | Reached skill level 5 in Armour
  4319 | D:5      | Reached skill level 5 in Shields
  4319 | D:5      | Reached XP level 8. HP: 61/61 MP: 8/8
  4383 | D:5      | Found a staircase to the Ecumenical Temple.
  4529 | D:5      | Found a sand-covered staircase.
  4549 | Ossuary  | Entered an ossuary
  4628 | Ossuary  | Noticed a wraith
  4628 | Ossuary  | Noticed a flying skull
  4641 | Ossuary  | Noticed a flying skull
  4660 | Ossuary  | Noticed a flying skull
  4691 | Ossuary  | Noticed a wraith
  4700 | Ossuary  | Killed a wraith
  4878 | Ossuary  | Noticed a wraith
  4901 | Ossuary  | Killed a wraith
  4902 | Ossuary  | Reached XP level 9. HP: 40/67 MP: 9/9
  5041 | D:5      | Reached skill level 5 in Fighting
  5105 | D:5      | Reached skill level 12 in Maces & Flails
  5368 | Temple   | Entered the Ecumenical Temple
  5444 | Temple   | Became a worshipper of Gozag Ym Sagoz the Greedy
  5823 | D:6      | Noticed Duvessa
  5823 | D:6      | Noticed Dowan
  5828 | D:6      | Killed Duvessa
  5838 | D:6      | Killed Dowan
  6230 | D:6      | Found a burning altar of Makhleb.
  6354 | D:6      | Noticed Blork the orc
  6362 | D:6      | Killed Blork the orc
  6496 | D:6      | Reached XP level 10. HP: 73/76 MP: 10/10
  6585 | D:6      | Noticed Maggie
  6609 | D:6      | Slain by Maggie

Illustrated notes

Levels and vault maps discovered:
D:1:      minmay_arrival_nine_rooms, layout_loops_ring,
          shapermc_ecumenical_altar_gd
D:2:      layout_loops_cross, basic_altar, uniq_robin, uniq_crazy_yiuf_cottage
D:3:      layout_loops_cross, lemuel_round_altar,
          nicolae_dithmenos_through_a_glass_darkly
D:4:      layout_layer_cave, gammafunk_ghost_nasty_kobolds,
          cheibrodos_sewer_entry_sluice
D:5:      layout_basic, minmay_temple_entry_hall, serial_corexii_hall,
          corexii_hall_statues_deadend, chequers_hall_statues_corner_a,
          nicolae_ossuary_entry_catacombs, uniq_grinder
D:6:      layout_loops_corners, makhleb_blood_cavern_becter,
          minmay_fountain_box, grunt_ministairs_4, grunt_decor_fettered,
          uniq_duvessa, uniq_maggie, uniq_blork_the_orc
Temple:   kb_temple_of_zot

Skill      XL: |  1  2  3  4  5  6  7  8  9 |
---------------+----------------------------+-----
Shields        | 4 5 6 |  6.2
Maces & Flails | 10 11 12 | 12.4
Armour         | 4 5 6 |  6.7
Fighting       | 4 5 |  5.8

Action                   |  1- 3 |  4- 6 |  7- 9 | 10-12 || total
-------------------------+-------+-------+-------+-------++-------
Melee: Flail             |    64 |   188 |   370 |    18 ||   640
       Unarmed           |       |       |     3 |       ||     3
Evoke: Wand              |       |       |     3 |     1 ||     4
  Use: Scroll            |     4 |     6 |     7 |       ||    17
       Potion            |     1 |     2 |     1 |     5 ||     9
 Stab: Paralysed         |       |       |     7 |       ||     7
Armor: Scale mail        |    31 |   111 |    51 |       ||   193
       Plate armour      |       |       |    58 |     5 ||    63
       Skin              |       |       |       |     2 ||     2
Dodge: Dodged            |    27 |    95 |    76 |     5 ||   203
Block: Buckler           |    11 |    50 |    88 |     5 ||   154

Table legend: (Time is in decaauts)
 A = Elapsed time spent in this place.
 B = Non-inter-level travel time spent in this place.
 C = Inter-level travel time spent in this place.
 D = Time resting spent in this place.
 E = Time spent auto-exploring this place.
 F = Levels seen in this place.
 G = Mean time per level.
                   A        B        C        D        E       F      G
               +--------+--------+--------+--------+--------+-----+--------+
         Total |   6531 |   6303 |    228 |    128 |   4647 |   9 |  725.7 |
       Dungeon |   5780 |   5600 |    180 |      0 |   4316 |   6 |  963.3 |
        Temple |    163 |    116 |     47 |      0 |     91 |   1 |  163.0 |
         Sewer |    146 |    146 |      0 |      0 |     57 |   1 |  146.0 |
       Ossuary |    441 |    441 |      0 |    128 |    183 |   1 |  441.0 |
               +--------+--------+--------+--------+--------+-----+--------+

Top non-repeatable levels by time:
     D:2: 1193 daAuts
     D:4: 1168 daAuts
     D:1: 944 daAuts
     D:6: 888 daAuts
     D:3: 839 daAuts
     D:5: 746 daAuts
 Ossuary: 441 daAuts
  Temple: 163 daAuts
   Sewer: 146 daAuts
